 Dungeon Sprint DCSS version 0.17-a0-129-g9432df0 (webtiles) character file.

278 Ololoev the Brawler (level 8, -2/106 (111) HPs)
             Began as a Troll Monk on Mar 24, 2015.
             Was the Champion of Makhleb.
             Slain by a giant anaconda (11 damage)
             ... in the Dungeon (Sprint VI: "Thunderdome").
             The game lasted 00:05:44 (689 turns).

Ololoev the Brawler (Troll Monk)                     Turns: 689, Time: 00:05:44

HP:   -2/106 (111)  AC: 11    Str: 27    XL:     8   Next: 15%
MP:   3/3           EV: 10    Int:  6    God:    Makhleb [******]
Gold: 86            SH:  0    Dex: 12    Spells: 0 memorised, 7 levels left

rFire  . . .     SeeInvis .       - Unarmed
rCold  + . .     Clarity  .     c - +2 robe "Roceum Foep" {Slay+5}
rNeg   . . .     SustAb   .     (shield restricted)
rPois  .         Gourm    +     a - +4 hat of the Leaf {rElec rC+}
rElec  +         Spirit   .     (no cloak)
rCorr  .         Warding  .     (gloves unavailable)
rMut   .         NoTele   +     (boots unavailable)
MR     .....                    (no amulet)
Stlth  ..........               (no ring)
                                (no ring)

@: berserking, constricted, very quick, not resistant to hostile enchantments,
extremely unstealthy
A: unfitting armour, claws 3, fast metabolism 3, gourmand, regeneration 2,
shaggy fur 1, tough skin 2
a: Minor Destruction, Lesser Servant of Makhleb, Major Destruction, Greater
Servant of Makhleb, Renounce Religion


You were in the Dungeon.
You worshipped Makhleb.
Makhleb was exalted by your worship.
You were not hungry.

You visited 1 branch You collected 600 gold pieces.
You spent 514 gold pieces at shops.

Notes
Turn   | Place    | Note
--------------------------------------------------------------
     0 | D        | Ololoev, the Troll Monk, began the quest for the Orb.
     0 | D        | Reached XP level 1. HP: 22/22 MP: 1/1
     0 | D        | Found a glowing silver altar of Zin.
     0 | D        | Found a glowing golden altar of the Shining One.
     4 | D        | Found an ancient bone altar of Kikubaaqudgha.
     5 | D        | Found a radiant altar of Vehumet.
     5 | D        | Found a burning altar of Makhleb.
     5 | D        | Round 1.
     6 | D        | Found a shimmering altar of Xom.
     6 | D        | Found a viscous altar of Jiyva.
     6 | D        | Found Amik's Weapon Rack.
     6 | D        | Found Kariu's Basic Armour.
     7 | D        | Found Souxiosi's Premium Goods.
     7 | D        | Found Huppu's Miscellaneous Merchandise.
    13 | D        | Became a worshipper of Makhleb the Destroyer
    13 | D        | Acquired Makhleb's first power
    13 | D        | Acquired Makhleb's second power
    18 | D        | Found Tozoeck's Do-It-Yourself Clinic.
    19 | D        | Found Klautsas' Bottled Wisdom.
    20 | D        | Found a sacrificial altar of Ru.
    20 | D        | Found a shadowy altar of Dithmenos.
    21 | D        | Found Psue's Distillery.
    21 | D        | Found a stormy altar of Qazlal.
    21 | D        | Found Xet Av Atuck's Distillery.
    24 | D        | Found a basalt altar of Yredelemnul.
    25 | D        | Found an iron altar of Okawaru.
    26 | D        | Found a deep blue altar of Sif Muna.
    26 | D        | Found Troapt's Staff Store.
    27 | D        | Found Fiapoy's Must-Have Magic.
    28 | D        | Found a snail-covered altar of Cheibriados.
    28 | D        | Found a bloodstained altar of Trog.
    29 | D        | Found a blossoming altar of Fedhas.
    29 | D        | Found Caopt's Magic Scroll Shop.
    29 | D        | Found Buasur's Magic Scroll Shop.
    33 | D        | Found an opulent altar of Gozag.
    35 | D        | Found Alipsoac's Bee Food.
    36 | D        | Found Ghasmy's Jewellery.
    37 | D        | Found a corrupted altar of Lugonu.
    45 | D        | Found Ydif's Advanced Armour.
    45 | D        | Found Erhejaej's Identification Station.
    65 | D        | Reached skill level 5 in Unarmed Combat
    89 | D        | Acquired Makhleb's third power
    94 | D        | Noticed Blork the orc
    94 | D        | Noticed an orc wizard
    99 | D        | Killed an orc wizard
    99 | D        | Reached skill level 7 in Unarmed Combat
    99 | D        | Reached XP level 2. HP: 29/29 MP: 1/1
    99 | D        | Reached XP level 3. HP: 36/36 MP: 2/2
   102 | D        | Killed Blork the orc
   102 | D        | Arena points: 12 (+12) [x2]
   102 | D        | Reached skill level 9 in Unarmed Combat
   102 | D        | Reached XP level 4. HP: 42/44 MP: 2/2
   172 | D        | Round 2.
   193 | D        | Noticed a phantom
   237 | D        | Killed a phantom
   237 | D        | Acquired Makhleb's fourth power
   237 | D        | Reached skill level 11 in Unarmed Combat
   237 | D        | Reached XP level 5. HP: 50/50 MP: 2/2
   253 | D        | Noticed a necrophage
   263 | D        | Killed a necrophage
   263 | D        | Reached skill level 12 in Unarmed Combat
   263 | D        | Reached XP level 6. HP: 59/59 MP: 3/3
   265 | D        | Bought a heavy robe for 199 gold pieces
   275 | D        | Identified the +2 robe "Roceum Foep" {Slay+5} (You bought it in a shop in the Dungeon)
   289 | D        | Noticed a phantom
   293 | D        | Reached skill level 13 in Unarmed Combat
   313 | D        | Killed a phantom
   313 | D        | Reached skill level 14 in Unarmed Combat
   355 | D        | Arena points: 54 (+42) [x3]
   377 | D        | Round 3.
   403 | D        | Acquired Makhleb's fifth power
   403 | D        | Reached XP level 7. HP: 63/63 MP: 3/3
   415 | D        | Reached skill level 15 in Unarmed Combat
   453 | D        | Arena points: 138 (+84) [x4]
   501 | D        | Round 4.
   513 | D        | Reached skill level 16 in Unarmed Combat
   584 | D        | Noticed Sonja
   589 | D        | Killed Sonja
   589 | D        | Reached XP level 8. HP: 28/71 MP: 3/3
   649 | D        | Arena points: 278 (+140) [x5]
   649 | D        | Reached skill level 17 in Unarmed Combat
   671 | D        | Bought a dazzling hat for 315 gold pieces
   676 | D        | Identified the +4 hat of the Leaf {rElec rC+} (You bought it in a shop in the Dungeon)
   679 | D        | Round 5.
   680 | D        | Noticed a giant anaconda
   689 | D        | Slain by a giant anaconda

Inventory:

Armour
 a - the +4 hat of the Leaf (worn) {rElec rC+}
   (You bought it in a shop in the Dungeon)

   It protects you from cold.
   It insulates you from electricity.
 c - the +2 robe "Roceum Foep" (worn) {Slay+5}
   (You bought it in a shop in the Dungeon)

   It affects your accuracy and damage with ranged weapons and melee attacks
   (+5).
Magical devices
 j - a wand of cold (0)
 k - a wand of fire (4)
Scrolls
 h - 4 scrolls of blinking
 l - 3 scrolls of fog
Potions
 d - 2 potions of heal wounds
 e - 4 potions of haste
 f - 2 potions of magic
 i - 2 potions of resistance
Comestibles
 b - 2 meat rations

Table legend:
 A = Turns spent in this place as a percentage of turns spent in the entire game.
 B = Non-inter-level travel turns spent in this place as a percentage of non-inter-level travel turns spent in the entire game.
 C = Inter-level travel turns spent in this place as a percentage of turns spent in this place.
 D = Turns resting spent in this place as a percentage of non-inter-level travel turns spent in this place.
 E = Turns spent auto-exploring this place as a percentage of non-inter-level travel turns spent in this place.
 F = Non-inter-level travel turns spent in this place divided by the number of levels of this place that you've seen.
                   A       B       C       D       E      F
               +-------+-------+-------+-------+-------+----------------------
         Total | 100.0 | 100.0 |   0.0 |   2.5 |   0.0 | 595.0
       Dungeon | 100.0 | 100.0 |   0.0 |   2.5 |   0.0 | 595.0
               +-------+-------+-------+-------+-------+----------------------


   Skills:
 - Level 2.4 Fighting
 - Level 2.4 Dodging
 - Level 1.1 Stealth
 + Level 17.1 Unarmed Combat


You had 7 spell levels left.
You didn't know any spells.

Dungeon Overview and Level Annotations

Branches:
Dungeon (1/1)

Altars:
Cheibriados
Dithmenos
Fedhas
Gozag
Kikubaaqudgha
Makhleb
Okawaru
Qazlal
Ru
Sif Muna
Trog
Vehumet
Xom
Yredelemnul
Zin
The Shining One
Jiyva
Lugonu

Shops:
D *[%??*?*:[((!!!!


Innate Abilities, Weirdness & Mutations

You are too large for most types of armour.
You have claws for hands.
Your metabolism is lightning-fast.
You like to eat raw meat.
You heal very quickly.
You are covered in fur (AC +1).
You have very tough skin (AC +2).


Message History

Get ready!
You start resting.
ROUND 5!
BOSS ROUND!
You sense a tension in the west.
A giant anaconda comes into view.
The giant anaconda hisses angrily.
The giant anaconda grabs you. The giant anaconda bites you.
The giant anaconda constricts you.
You barely miss the giant anaconda. The giant anaconda closely misses you.
The giant anaconda constricts you.
You miss the giant anaconda. Your claw misses the giant anaconda.
The giant anaconda completely misses you.
The giant anaconda constricts you. The giant anaconda bites you!
The giant anaconda constricts you.
You scratch the giant anaconda!!
The giant anaconda begins to bleed from its wounds!
The giant anaconda is lightly wounded.
The giant anaconda bites you! The giant anaconda constricts you.
You barely miss the giant anaconda.
The giant anaconda is lightly wounded.
The giant anaconda bites you but does no damage.
The giant anaconda constricts you.
Drink which item? (? for menu, Esc to quit)
You feel much better. The giant anaconda bites you.
The giant anaconda constricts you. The giant anaconda bites you!
The giant anaconda constricts you.
Drink which item? (? for menu, Esc to quit)
A red film seems to cover your vision as you go berserk!
You feel yourself moving faster!
You feel mighty!
The giant anaconda bites you but does no damage.
The giant anaconda constricts you. The giant anaconda bites you!
The giant anaconda constricts you.
You closely miss the giant anaconda.
The giant anaconda is lightly wounded.
The giant anaconda bites you but does no damage.
The giant anaconda constricts you.
You barely miss the giant anaconda.
The giant anaconda is lightly wounded.
The giant anaconda bites you!
You die...

###.......
#⌠........
######.8.......
##∩._.......###.
###∩....[...8.# #.
##.............###.
#⌠..........###...#
#§S.........# #.<.#
#⌠@.........###...#
##........(....###.
###∩...[..(.8.# #.
##∩.._......###.
######.8...)...
#⌠......[.
###...)... #_......
#_..[...


You could see a giant anaconda (bleeding).

Table legend:
 A = Kills in this place as a percentage of kills in entire the game.
 B = Kills by you in this place as a percentage of kills by you in the entire game.
 C = Kills by friends in this place as a percentage of kills by friends in the entire game.
 D = Other kills in this place as a percentage of other kills in the entire game.
 E = Experience gained in this place as a percentage of experience gained in the entire game.
 F = Experience gained in this place divided by the number of levels of this place that you have seen.
                   A       B       C       D       E      F
               +-------+-------+-------+-------+-------+----------------------
         Total | 100.0 | 100.0 |  -nan |  -nan | 100.0 | 1639.0
       Dungeon | 100.0 | 100.0 |  -nan |  -nan | 100.0 | 1639.0
               +-------+-------+-------+-------+-------+----------------------

Vanquished Creatures
  Sonja (D)
  2 necrophages (D)
  2 phantoms (D)
  4 big kobolds (D)
  Blork the orc (D)
  2 wights (D)
  6 orc priests (D)
  An orc wizard (D)
  3 orcs (D)
  A kobold (D)
23 creatures vanquished.

Action                   |  1- 3 |  4- 6 |  7- 9 || total
-------------------------+-------+-------+-------++-------
Melee: Unarmed           |    12 |    32 |    30 ||    74
Evoke: Wand              |     1 |       |     5 ||     6
  Use: Potion            |       |     1 |     4 ||     5
  Eat: Chunk             |     2 |     2 |     3 ||     7

Vault maps used:
D:        arena_sprint
